 Dungeon Crawl Stone Soup version 0.31-a0-360-gb3e1d13bf4 (webtiles) character file.

Game seed: 780217506482190904

48 SigmundSlayer the Ruffian (level 3, -8/42 HPs)
             Began as a Demigod Shapeshifter on July 26, 2023.
             Mangled by a gnoll
             ... wielding a +0 halberd
              (11 damage)
             ... on level 2 of the Dungeon.
             The game lasted 00:02:22 (1059 turns).

SigmundSlayer the Ruffian (Demigod Shapeshifter)    Turns: 1059, Time: 00:02:22

Health: -8/42      AC: 21    Str: 20    XL:     3   Next: 30%
Magic:  5/5        EV:  2    Int: 10    God:
Gold:   30         SH:  0    Dex: 14    Spells: 2/2 levels left

rFire   . .          .
                       - Unarmed
rCold   . . .        (no shield)
rNeg    . . .        f - melded +0 leather armour
rPois   +            (helmet currently unavailable)
rElec   .            (cloak currently unavailable)
rCorr   .            (gloves currently unavailable)
SInv    .            (boots currently unavailable)
Will    .....        (no amulet)
Stlth   +            j - ring of poison resistance
HPRegen 0.27/turn    h - +5 ring of evasion
MPRegen 0.09/turn

%: no passive effects
@: brilliant, tree-form
A: stationary, stasis, torment immunity, boosted hp, high MP 1, forlorn, divine
attributes
a: no special abilities


You were on level 2 of the Dungeon.
You were a tree.
You visited 1 branch of the dungeon, and saw 2 of its levels.

You collected 30 gold pieces.

Inventory:

Armour
 f - a +0 leather armour (melded)
Jewellery
 h - a +5 ring of evasion (right branch)
 j - a ring of poison resistance (left branch)
Talismans
 c - a beast talisman
Scrolls
 a - a scroll of identify {unknown}
 g - 3 scrolls of teleportation {unknown}
Potions
 e - a potion of brilliance


   Skills:
 + Level 1.5 Fighting
 + Level 0.6 Armour
 + Level 2.2 Dodging
 + Level 3.1 Unarmed Combat
 + Level 2.9 Shapeshifting


You had 2 spell levels left.
You didn't know any spells.
Your spell library contained the following spells:

 Spells                   Type           Power      Damage    Failure   Level
 Ignite Poison            Fire/Tmut/Pois 0%         N/A       75%         3
 Sticky Flame             Conj/Fire      0%         2d3       98%         4
 Ignition                 Fire           0%         3d3       100%        8


Dungeon Overview and Level Annotations

Branches:
Dungeon (2/15)


Innate Abilities, Weirdness & Mutations

You are a tree.
Your roots penetrate the ground, keeping you stationary.
You cannot be teleported.
You are immune to unholy pain and torment.
Your maximum health is greatly increased.
Your equipment is partially melded.
You have an increased reservoir of magic. (+10% MP)
You shall have no god before yourself.
Your divine heritage dramatically boosts your attributes as you level up.


Message History

You feel less confused.
The gnoll hits you from afar with a +0 halberd.
* * * LOW HITPOINT WARNING * * *
The gnoll hits you with a +0 flail.
* * * LOW HITPOINT WARNING * * *
It was a potion of brilliance.
You feel clever all of a sudden. The gnoll barely misses you.
The gnoll hits you with a +0 flail.
* * * LOW HITPOINT WARNING * * *
You hit the gnoll.
The gnoll is almost dead.
The gnoll hits you but does no damage. x2
You smack the gnoll!
You kill the gnoll!
The gnoll hits you from afar with a +0 halberd.
* * * LOW HITPOINT WARNING * * *
You aren't carrying any items that you can evoke.
It was a potion of curing.
You feel better.
The gnoll hits you from afar with a +0 halberd.
* * * LOW HITPOINT WARNING * * *
The gnoll hits you from afar with a +0 halberd.
* * * LOW HITPOINT WARNING * * *
Smack: -) Branches
Press: ? - help, Dir - move target, f - gnoll
Aim: a gnoll, wielding a +0 halberd (about 32% to evade your branches)
Your weapon can't reach that far!
Okay, then.
Okay, then.
The gnoll hits you but does no damage. The gnoll hits you but does no damage.
The gnoll hits you from afar with a +0 halberd!
* * * LOW HITPOINT WARNING * * *
The gnoll hits you but does no damage. The gnoll hits you but does no damage.
The gnoll barely misses you.
The gnoll hits you from afar with a +0 halberd.
* * * LOW HITPOINT WARNING * * *
The gnoll hits you but does no damage.
The gnoll hits you from afar with a +0 halberd!
You die... .... #..# ### #..# #.##### .J# #####...... gg#

[.##.#.#.##
#g#
....<.....#
#)#
#.##.#.#.##
#♣#
#.###....#
#.# #.#
##.#.# #.#
#>#
#.#.#######.#
#.#
#.#.........#
#.#
#.###########
#.# #<#
#.####.####
..........#


You could see 2 gnolls, an endoplasm and a hobgoblin.

Vanquished Creatures
  2 gnolls (D:2)
  2 endoplasms (D:1)
  A giant cockroach (D:1)
  4 goblins
  2 hobgoblins (D:1)
  A quokka (D:1)
  4 ball pythons (D:1)
  6 bats
  2 frilled lizards (D:1)
  A kobold (D:1)
  3 rats
28 creatures vanquished.

Notes
Turn   | Place    | Note
-------+----------+-------------------------------------------
     0 | D:1      | SigmundSlayer the Demigod Shapeshifter began the quest for
                  | the Orb.
     0 | D:1      | Reached XP level 1. HP: 15/15 MP: 3/3
    96 | D:1      | Reached skill level 1 in Fighting
   226 | D:1      | Reached XP level 2. HP: 23/23 MP: 4/4
   730 | D:1      | Reached skill level 3 in Unarmed Combat
  1035 | D:2      | Reached XP level 3. HP: 13/28 MP: 5/5
  1057 | D:2      | HP: 2/42 [gnoll/+0 halberd (3)]
  1059 | D:2      | Mangled by a gnoll

Illustrated notes

Levels and vault maps discovered:
D:1:      erik_arrival_triangle_small, layout_loops_cross
D:2:      layout_loops_ring, ebering_ecumenical_altar_mist

Skill      XL: |  1  2 |
---------------+-------+-----
Fighting       | 1 |  1.5
Dodging        | 2 |  2.2
Unarmed Combat | 3 |  3.1
Armour         | |  0.6
Shapeshifting  | |  2.9

Action                     || total
---------------------------++-------
  Melee: Unarmed           ||    81
         Punch             ||     1
    Use: Potion            ||     4
   Stab: Sleeping          ||     1
 Armour: Animal skin       ||     5
         Leather armour    ||     6
         Skin              ||    15
  Dodge: Dodged            ||    56

Table legend: (Time is in decaauts)
 A = Elapsed time spent in this place.
 B = Non-inter-level travel time spent in this place.
 C = Inter-level travel time spent in this place.
 D = Time resting spent in this place.
 E = Time spent auto-exploring this place.
 F = Levels seen in this place.
 G = Mean time per level.
                   A        B        C        D        E       F      G
               +--------+--------+--------+--------+--------+-----+--------+
         Total |   1053 |    987 |     66 |     81 |    692 |   2 |  526.5 |
       Dungeon |   1053 |    987 |     66 |     81 |    692 |   2 |  526.5 |
               +--------+--------+--------+--------+--------+-----+--------+

Top non-repeatable levels by time:
     D:1: 933 daAuts
     D:2: 119 daAuts
